 Dungeon Crawl Stone Soup version 0.30.1-11-g7821555f0a (webtiles) character file.

Game seed: 10190795617098579943

163 Arctor the Trooper (level 5, -13/42 HPs)
             Began as a Human Fighter on Jan 13, 2024.
             Was an Initiate of Gozag.
             Mangled by an ogre
             ... wielding a +0 giant club
              (16 damage)
             ... on level 4 of the Dungeon.
             The game lasted 00:03:28 (3043 turns).

Arctor the Trooper (Human Fighter)                  Turns: 3043, Time: 00:03:29

Health: -13/42     AC:  9    Str: 21    XL:     5   Next: 72%
Magic:  5/5        EV:  9    Int:  6    God:    Gozag
Gold:   220        SH:  5    Dex: 16    Spells: 4/4 levels left

rFire   . . .        i - +8 sling "Lohazoch" {flame, rC+}
rCold   + . .        c - +0 buckler
rNeg    . . .        b - +0 scale mail
rPois   .            (no helmet)
rElec   .            g - +0 cloak
rCorr   .            (no gloves)
SInv    .            h - +0 pair of boots
Will    .....        (no amulet) Stlth
                     (no ring)
HPRegen 0.27/turn    (no ring)
MPRegen 0.09/turn

%: no passive effects
@: no status effects
A: agile 1, strong 1
a: Renounce Religion, Potion Petition, Call Merchant, Bribe Branch


You were on level 4 of the Dungeon.
You worshipped Gozag.
Gozag was aware of your devotion.
You visited 1 branch of the dungeon, and saw 4 of its levels.

You collected 220 gold pieces.

Inventory:

Hand Weapons
 a - a +0 war axe
 i - the +8 sling "Lohazoch" (weapon) {flame, rC+}
   (You found it on level 3 of the Dungeon)

   rC:        It protects you from cold.
Armour
 b - a +0 scale mail (worn)
 c - a +0 buckler (worn)
 g - a +0 cloak (worn)
 h - a +0 pair of boots (worn)
Wands
 f - a wand of polymorph (4)
Scrolls
 j - a scroll of fog
 k - a scroll of enchant weapon
 l - a scroll of immolation {unknown}
 m - a scroll of noise {unknown}
Potions
 d - a potion of might
 e - 2 potions of lignification


   Skills:
 + Level 3.9 Fighting
 - Level 2.8 Axes
 + Level 1.0 Ranged Weapons
 + Level 3.9 Armour
 + Level 3.9 Shields


You had 4 spell levels left.
You didn't know any spells.
Your spell library contained the following spells:

 Spells                   Type           Power      Damage    Failure   Level
 Summon Small Mammal      Summ           0%         N/A       85%         1
 Call Canine Familiar     Summ           0%         N/A       99%         3
 Gell's Gravitas          Tloc           0%         N/A       99%         3
 Summon Guardian Golem    Hex/Summ       0%         N/A       99%         3
 Teleport Other           Tloc           0%         N/A       99%         3
 Dispersal                Tloc           0%         N/A       100%        6


Dungeon Overview and Level Annotations

Branches:
Dungeon (4/15)
 Temple: D:4-7

Altars:
Gozag


Innate Abilities, Weirdness & Mutations

You are agile. (Dex +4, Str/Int -1)
Your muscles are strong. (Str +4, Int/Dex -1)


Message History

The ogre is severely wounded.
The ogre barely misses you.
An ogre is nearby!
You shoot a sling bullet.
The sling bullet barely misses the ogre.
The ogre hits you with a +0 giant club!!
Ouch! That really hurt!
An ogre is nearby!
Okay, then.
Fire: i) +8 sling "Lohazoch" {flame, rC+}
Press: ? - help, Q - select action, (/) - cycle Shift-Dir - straight line, f/p - ogre
Aim: an ogre, wielding a +0 giant club (severely wounded, 79% to hit)
You shoot a sling bullet.
The sling bullet barely misses the ogre.
You block the ogre's attack.
Fire: i) +8 sling "Lohazoch" {flame, rC+}
Press: ? - help, Q - select action, (/) - cycle Shift-Dir - straight line, f/p - ogre
Aim: an ogre, wielding a +0 giant club (severely wounded, 79% to hit)
You shoot a sling bullet.
The sling bullet closely misses the ogre.
The ogre barely misses you.
Fire: i) +8 sling "Lohazoch" {flame, rC+}
Press: ? - help, Q - select action, (/) - cycle Shift-Dir - straight line, f/p - ogre
Aim: an ogre, wielding a +0 giant club (severely wounded, 79% to hit)
You shoot a sling bullet. The sling bullet hits the ogre.
The sling bullet burns the ogre.
The ogre is severely wounded.
The ogre hits you with a +0 giant club!
* * * LOW HITPOINT WARNING * * *
Unknown command.
Okay, then.
Okay, then.
Fire: i) +8 sling "Lohazoch" {flame, rC+}
Press: ? - help, Q - select action, (/) - cycle Shift-Dir - straight line, f/p - ogre
Aim: an ogre, wielding a +0 giant club (severely wounded, 79% to hit)
You shoot a sling bullet.
The sling bullet barely misses the ogre.
The ogre hits you with a +0 giant club!
You die...
Your body crumbles into a pile of gold.

##....≈≈≈##.#..##.##♣♣
##.....###.≈.## ##
##.......≈≈.## ####
.....#≈..## #..>.
..######..##..# .
#.....# ##...##
##.....# #..@#......
#...O###..... ###.#
#.... #. .... #. ...
#. ..


You could see an ogre.

Vanquished Creatures
  Terence (D:3)
  Robin (D:3)
  3 adders
  A worm (D:2)
  2 dart slugs
  9 endoplasms
  A giant cockroach (D:1)
  10 goblins
  13 hobgoblins
  12 jackals
  7 kobolds
  2 quokkas (D:1)
  4 ball pythons
  5 bats
  4 frilled lizards
  5 rats
80 creatures vanquished.

Notes
Turn   | Place    | Note
-------+----------+-------------------------------------------
     0 | D:1      | Arctor the Human Fighter began the quest for the Orb.
     0 | D:1      | Reached XP level 1. HP: 18/18 MP: 1/1
    28 | D:1      | Reached XP level 2. HP: 17/24 MP: 2/2
   322 | D:1      | Reached XP level 3. HP: 26/29 MP: 3/3
   896 | D:2      | Reached XP level 4. HP: 19/35 MP: 4/4
  1346 | D:2      | Found a faded altar of an unknown god.
  2143 | D:2      | Prayed at the altar of an unknown god.
  2143 | D:2      | Became a worshipper of Gozag Ym Sagoz the Greedy
  2279 | D:3      | Identified the +8 sling "Lohazoch" {flame, rC+}
  2317 | D:3      | Noticed Terence
  2327 | D:3      | Gained mutation: Your muscles are strong. (Str +4, Int/Dex
                  | -1) [potion of mutation]
  2327 | D:3      | Gained mutation: You are agile. (Dex +4, Str/Int -1)
                  | [potion of mutation]
  2376 | D:3      | Killed Terence
  2377 | D:3      | Reached XP level 5. HP: 31/42 MP: 5/5
  2668 | D:3      | Noticed Robin
  2674 | D:3      | Killed Robin
  2740 | D:3      | Reached skill level 1 in Ranged Weapons
  3034 | D:4      | Noticed an ogre
  3042 | D:4      | HP: 2/42 [ogre/+0 giant club (14)]
  3043 | D:4      | Mangled by an ogre

Illustrated notes

Levels and vault maps discovered:
D:1:      psy_arrival_spokes, layout_basic, minmay_bisected
D:2:      layout_basic, basic_ecumenical_altar, chequers_decorated_corner,
          eino_tiny_chamber, minmay_fractal_squares_5
D:3:      layout_basic, due_unseen_surprise, uniq_robin, uniq_terence
D:4:      layout_layer_cave, ashenzari_conservatory_becter, serial_rivers,
          chequers_serial_rivers_marsh, chequers_serial_rivers_small_b,
          chequers_serial_rivers_micro_b, chequers_serial_rivers_marsh,
          chequers_serial_rivers_small_3, chequers_serial_rivers_small_3,
          abandoned_shop, uniq_crazy_yiuf_cottage

Skill      XL: |  1  2  3  4  5 |
---------------+----------------+-----
Ranged Weapons | 1 |  1.0
Fighting       | |  3.9
Axes           | |  2.8
Armour         | |  3.9
Shields        | |  3.9

Action                     |  1- 3 |  4- 6 || total
---------------------------+-------+-------++-------
  Melee: War axe           |    80 |    63 ||   143
         Unarmed           |       |     4 ||     4
   Fire: Sling             |       |    41 ||    41
    Use: Potion            |       |     3 ||     3
         Scroll            |       |     2 ||     2
 Armour: Scale mail        |    60 |    47 ||   107
  Dodge: Dodged            |    53 |    45 ||    98
  Block: Buckler           |    27 |    29 ||    56
